 Dungeon Crawl Stone Soup version 0.24.1-14-gf8d2b509d9 (webtiles) character file.

Game seed: 10030846510995131004, levelgen mode: deterministic

1638 mortelune the Transmogrifier (level 8, 0/64 HPs)
             Began as a Naga Transmuter on May 23, 2020.
             Slain by an ice beast (12 damage)
             ... on level 9 of the Dungeon.
             The game lasted 00:12:01 (9431 turns).

mortelune the Transmogrifier (Naga Transmuter)      Turns: 9431, Time: 00:12:02

Health: 0/64       AC:  2    Str: 13    XL:     8   Next: 98%
Magic:  13/17      EV: 20    Int: 18    God:
Gold:   405        SH:  3    Dex: 17    Spells: 7/20 levels left

rFire    . . .     SeeInvis +     - Unarmed
rCold    . . .     Gourm    .   (shield currently unavailable)
rNeg     . . .     Faith    .   (armour currently unavailable)
rPois    x         Spirit   .   (helmet currently unavailable)
rElec    .         Reflect  +   (cloak currently unavailable)
rCorr    .         Harm     .   (gloves currently unavailable)
MR       +....                  (no barding)
Stlth    ++........             h - +3 amulet of reflection
HPRegen  0.20/turn              s - +3 ring of intelligence
MPRegen  0.15/turn              f - +1 ring of evasion

@: spider-form
A: tiny, see invisible, slow metabolism 1, spit poison 1, AC +2
a: Spit Poison, End Transformation


You were on level 9 of the Dungeon.
You were hungry.
You were a venomous arachnid creature.
You visited 2 branches of the dungeon, and saw 9 of its levels.

You collected 405 gold pieces.

Inventory:

Armour
 b - a +0 robe (melded)
 k - a +0 hat (melded)
 y - a +3 ring mail
 z - a +0 cloak
Jewellery
 f - a +1 ring of evasion (right front leg)
 h - a +3 amulet of reflection (around neck)
 s - a +3 ring of intelligence (left front leg)
 P - an uncursed ring of poison resistance
Wands
 j - a wand of iceblast (8)
 u - a wand of acid (4)
 x - a wand of flame (17)
Scrolls
 a - 2 scrolls of remove curse {unknown}
 m - 2 scrolls of fear {unknown}
 n - a scroll of fog {unknown}
 r - a scroll of magic mapping
 t - 6 scrolls of teleportation
 A - a scroll of enchant weapon {unknown}
 B - a scroll of blinking
 D - 2 scrolls of amnesia
Potions
 c - a potion of resistance {unknown}
 e - 7 potions of curing {unknown}
 g - 2 potions of brilliance {unknown}
 l - a potion of agility {unknown}
 o - 2 potions of lignification {unknown}
 p - 2 potions of mutation {unknown}
 q - a potion of flight {unknown}
 v - a potion of might
Comestibles
 d - 11 rations


   Skills:
 + Level 1.0 Fighting
 - Level 1.5 Dodging
 + Level 3.0 Unarmed Combat
 - Level 6.5 Spellcasting
 + Level 0.0 Conjurations
 * Level 8.6 Transmutations
 - Level 2.0 Ice Magic


You had 7 spell levels left.
You knew the following spells:

 Your Spells              Type           Power        Failure   Level  Hunger
a - Beastly Appendage     Tmut           #####.       2%          1    None
b - Sticks to Snakes      Tmut           #####...     3%          2    None
c - Spider Form           Tmut/Pois      ###.......   17%         3    ##.....
d - Ice Form              Ice/Tmut       ####....     30%         4    ####...
s - Conjure Flame         Conj/Fire      #.......     56%         3    ##.....

Your spell library contained the following spells:

 Spells                   Type           Power        Failure   Level  Hunger
 Blade Hands              Tmut           #####.....   22%         5    #####..
 Magic Dart               Conj           #...         28%         1    None
 Blink                    Tloc           N/A          36%         2    None
 Call Imp                 Summ           #.......     36%         2    None
 Slow                     Hex            #.......     36%         2    None
 Mephitic Cloud           Conj/Pois/Air  #.......     56%         3    ##.....


Dungeon Overview and Level Annotations

Branches:
Dungeon (9/15)             Temple (1/1) D:5
   Lair: D:8-11         Orc: D:9-12

Altars:
Ashenzari
Cheibriados
Dithmenos
Fedhas
Gozag
Hepliaklqana
Kikubaaqudgha
Makhleb
Nemelex Xobeh
Okawaru
Qazlal
Ru
Trog
Uskayaw
Wu Jian
Xom
Yredelemnul
Zin
The Shining One

Annotations:
D:6 4 runed translucent doors
D:8 Prince Ribbit


Innate Abilities, Weirdness & Mutations

You cannot wear boots.
((Your serpentine skin is tough. (AC +2)))
You have supernaturally acute eyesight. (SInv)
((Armour fits poorly on your strangely shaped body.))
((Your system is resistant to poisons. (rPois)))
((You cover ground very slowly.))
You have a slow metabolism.
You can spit poison.


Message History

Casting: Sticks to Snakes (safe; 1% risk of failure)
Confirm with . or Enter, or press ? or * to list all spells.
You don't have anything to turn into a snake.
Your ball python bites the ice beast but does no damage. x2
The ice beast hits you. The ice beast freezes you!
Casting: Sticks to Snakes (safe; 1% risk of failure)
Confirm with . or Enter, or press ? or * to list all spells.
You turn into a venomous arachnid creature.
Your +0 hat melds into your body.
Your +0 robe melds into your body.
Your ball python bites the ice beast but does no damage.
The ice beast misses you.
You hit the ice beast but do no damage.
The ice beast is poisoned.
Your ball python bites the ice beast but does no damage.
The ice beast hits you. The ice beast freezes you!
* * * LOW HITPOINT WARNING * * *
Your ball python bites the ice beast but does no damage.
The ice beast hits you.
* * * LOW HITPOINT WARNING * * *
The ice beast freezes you!
You die...

##### #...##+#
+[..... #.....
#....
#...######
#..S#....#
#..Y'....#
#.s.#....# .
#...#....#
..###...######
#......)....#
#..>........#
#...........#
#.........>.#
#.......<...#
#...........#


You could see an ice beast and a friendly ball python.

Vanquished Creatures
  Grinder (D:6)
  Edmund (D:6)
  2 ice beasts
  2 sky beasts (D:6)
  An orc warrior (D:4)
  An ogre (D:4)
  Blork the orc (D:5)
  A scorpion (D:5)
  3 hounds
  2 bullfrog zombies (D:6)
  2 orc priests
  A gnoll shaman (D:5)
  A bullfrog skeleton (D:6)
  3 orc wizards
  4 worker ants
  2 hound zombies (D:5)
  4 adders
  11 gnolls
  A howler monkey skeleton (D:6)
  An ooze (D:1)
  3 dart slugs
  5 leopard geckos
  5 orcs
  A giant cockroach (D:2)
  6 goblins
  2 hobgoblins
  10 jackals
  4 kobolds
  2 ball pythons
  4 bats
  5 frilled lizards
  A leopard gecko zombie (D:5)
  A quokka skeleton (D:4)
  4 rats
98 creatures vanquished.

Vanquished Creatures (collateral kills)
  A gnoll sergeant (D:6)
  A gnoll (D:6)
  An ooze (D:6)
  A jackal (D:1)
4 creatures vanquished.

Vanquished Creatures (others)
  An orc (D:5)
1 creature vanquished.

Grand Total: 103 creatures vanquished

Notes
Turn   | Place    | Note
-------+----------+-------------------------------------------
     0 | D:1      | mortelune the Naga Transmuter began the quest for the Orb.
     0 | D:1      | Reached XP level 1. HP: 18/18 MP: 3/3
   459 | D:1      | Reached XP level 2. HP: 13/25 MP: 3/5
   769 | D:1      | Learned a level 2 spell: Sticks to Snakes
  1970 | D:2      | Reached XP level 3. HP: 26/31 MP: 4/6
  1975 | D:2      | Learned a level 3 spell: Spider Form
  2159 | D:2      | Reached skill level 3 in Transmutations
  2418 | D:2      | Found a basalt altar of Yredelemnul.
  2605 | D:2      | Reached XP level 4. HP: 22/38 MP: 1/8
  3013 | D:2      | Found a bloodstained altar of Trog.
  3781 | D:3      | Reached XP level 5. HP: 13/44 MP: 8/10
  4001 | D:3      | Learned a level 4 spell: Ice Form
  4079 | D:3      | Found a burning altar of Makhleb.
  4506 | D:3      | Reached skill level 4 in Transmutations
  5032 | D:4      | Reached skill level 1 in Ice Magic
  5402 | D:4      | Reached XP level 6. HP: 45/51 MP: 7/12
  5683 | D:4      | Found a shimmering altar of Xom.
  5683 | D:4      | Found a shimmering altar of Xom.
  5711 | D:4      | Noticed an orc warrior
  5729 | D:4      | Killed an orc warrior
  6175 | D:4      | Reached skill level 5 in Transmutations
  6175 | D:4      | Reached XP level 7. HP: 25/57 MP: 7/14
  6405 | D:5      | Entered Level 5 of the Dungeon
  6408 | D:5      | Noticed Blork the orc
  6410 | D:5      | Found a burning altar of Makhleb.
  6410 | D:5      | Found a sparkling altar of Nemelex Xobeh.
  6410 | D:5      | Found a glowing golden altar of the Shining One.
  6410 | D:5      | Found a basalt altar of Yredelemnul.
  6422 | D:5      | Killed Blork the orc
  6611 | D:5      | Reached skill level 5 in Spellcasting
  6852 | D:5      | Reached skill level 6 in Transmutations
  7007 | D:5      | Found a staircase to the Ecumenical Temple.
  7019 | Temple   | Entered the Ecumenical Temple
  8104 | D:6      | Learned a level 3 spell: Conjure Flame
  8130 | D:6      | Reached XP level 8. HP: 64/64 MP: 11/16
  8216 | D:6      | Noticed Grinder
  8227 | D:6      | Killed Grinder
  8227 | D:6      | Reached skill level 7 in Transmutations
  9006 | D:6      | Reached skill level 8 in Transmutations
  9006 | D:6      | Found a shadowy altar of Dithmenos.
  9187 | D:6      | Noticed Edmund
  9209 | D:6      | Killed Edmund
  9296 | D:6      | Found an ornate altar of the Wu Jian Council.
  9315 | D:6      | Found a runed translucent door.
  9317 | D:6      | Found a runed translucent gate.
  9320 | D:6      | Found a runed translucent gate.
  9330 | D:6      | Found a runed translucent gate.
  9332 | D:6      | You fall into a shaft and drop 3 floors!
  9346 | D:8      | Found a hide-covered altar of Uskayaw.
  9355 | D:8      | Noticed Prince Ribbit
  9431 | D:9      | Slain by an ice beast

Levels and vault maps discovered:
D:1:      elethiomel_arrival_quiet, layout_basic, hangedman_decor_points
D:2:      layout_basic, lemuel_doored_altar, yredelemnul_altar_generic
D:3:      layout_loops_corners, makhleb_blood_cavern_becter
D:4:      layout_rooms, xom_redecorated, led_sif_pool, first_ration,
          serial_bayou, serial_bayou_pond_b, serial_bayou_lake_a,
          serial_bayou_crossing, serial_bayou_shore_b, serial_bayou_ford_a,
          serial_bayou_lagoon_b
D:5:      layout_loops_ring, chequers_temple_overflow_statue_of_worship,
          minmay_temple_entry_tees, uniq_blork_the_orc
D:6:      layout_gridville, nicolae_dithmenos_the_darkroom,
          overflow_temple_1_default, serial_shops, nicolae_shop_statue_plus,
          minmay_guarded_unrand_staff_of_olgreb, uniq_grinder, uniq_edmund
D:8:      layout_basic, vehumet_statue, eat_drink_and_be_merry_uskayaw,
          minmay_lair_entry_grove, uniq_prince_ribbit1, uniq_pikel
D:9:      layout_grid_maze, blue_anna_alchemist [blue_anna_fruit_fields,
          blue_anna_fruit_fields], nicolae_blasting_shop,
          minmay_misc_feat_more_columns
Temple:   jpeg_temple_alley_garden

Skill      XL: |  1  2  3  4  5  6  7  8 |
---------------+-------------------------+-----
Transmutations | 3 4 5 6 8 |  8.6
Spellcasting   | 3 4 5 6 |  6.5
Ice Magic      | 1 2 |  2.0
Fighting       | |  1.0
Dodging        | |  1.5
Unarmed Combat | |  3.0

Action                   |  1- 3 |  4- 6 |  7- 9 || total
-------------------------+-------+-------+-------++-------
Melee: Unarmed           |    87 |   124 |   143 ||   354
       Headbutt          |     8 |     7 |       ||    15
       Punch             |       |     1 |       ||     1
 Cast: Beastly Appendage |    13 |    13 |       ||    26
       Sticks to Snakes  |     2 |     2 |     9 ||    13
       Spider Form       |     5 |     9 |    13 ||    27
       Ice Form          |       |       |    12 ||    12
 Abil: Spit Poison       |     2 |       |     1 ||     3
  Use: Scroll            |       |       |     4 ||     4
 Stab: Sleeping          |       |     1 |       ||     1
       Distracted        |       |       |     1 ||     1
  Eat: Chunk             |     4 |     9 |     5 ||    18
       Ration            |       |       |     2 ||     2
Armor: Robe              |    12 |    24 |     1 ||    37
       Skin              |     4 |     2 |    15 ||    21
Dodge: Dodged            |    74 |    83 |   109 ||   266
Block: Other             |       |     6 |    17 ||    23
